 Dungeon Crawl Stone Soup version 0.18.1-6-gd335043 (webtiles) character file.

207 Moloch the Chopper (level 5, -1/41 HPs)
             Began as a Demonspawn Fighter on May 17, 2016.
             Slain by a gnoll
             ... wielding a +0 flail
              (4 damage)
             ... on level 3 of the Dungeon.
             The game lasted 00:05:27 (3780 turns).

Moloch the Chopper (Demonspawn Fighter)             Turns: 3780, Time: 00:05:28

Health: -1/41      AC:  9    Str: 17    XL:     5   Next: 54%
Magic:  5/5        EV:  6    Int:  9    God:
Gold:   168        SH:  8    Dex: 13    Spells: 0 memorised, 4 levels left

rFire  . . .     SeeInvis .     a - +0 war axe
rCold  + . .     Gourm    .     b - +0 scale mail
rNeg   . . .     Faith    .     c - +0 shield
rPois  .         Spirit   .     j - +1 helmet
rElec  .         Dismiss  .     (no cloak)
rCorr  .         Reflect  .     (no gloves)
SustAt .         Harm     .     v - +0 pair of boots
MR     .....     Rnd*Tele +     (no amulet)
Stlth  ..........               (no ring)
                                q - ring of teleportation (curse)

@: not resistant to hostile enchantments, extremely unstealthy
A: talons 1, cold resistance 1, freezing cloud immunity
a: no special abilities


You were on level 3 of the Dungeon.
You were not hungry.

You visited 1 branch of the dungeon, and saw 4 of its levels.

You collected 168 gold pieces.

Inventory:

Hand Weapons
 a - a +0 war axe (weapon)
 A - a +0 blowgun
Missiles
 w - 2 poisoned needles
Armour
 b - a +0 scale mail (worn)
 c - a +0 shield (worn)
 j - a +1 helmet (worn)
 v - a +0 pair of boots (worn)
Jewellery
 q - a cursed ring of teleportation (left hand)
Wands
 r - a wand of polymorph (22/24)
Scrolls
 o - a scroll of fog
Potions
 g - a potion of flight {unknown}
 i - 2 potions of lignification {unknown}
 k - a potion of agility {unknown}
 l - a potion of resistance {unknown}
 m - 2 potions of berserk rage {unknown}
 n - 3 potions of curing
 p - a potion of mutation
 s - a potion of haste {unknown}
 t - a potion of brilliance
Books
 u - a Necronomicon

   Spells                             Type                      Level
   a - Haunt                          Necromancy/Summoning         7
   b - Borgnjor's Revivification      Necromancy                   8
   c - Death's Door                   Charms/Necromancy            8
   d - Necromutation                  Transmutation/Necromancy     8
Comestibles
 d - 4 chunks of flesh
 f - a bread ration
 x - 2 fruits


   Skills:
 - Level 3.0 Fighting
 + Level 5.3 Axes
 - Level 2.6 Armour
 - Level 2.6 Shields


You had 4 spell levels left.
You didn't know any spells.

Dungeon Overview and Level Annotations

Branches:
Dungeon (4/15)
 Temple: D:4-7

Altars:
Ashenzari
Cheibriados
Gozag


Innate Abilities, Weirdness & Mutations

You have sharp toenails.
Your flesh is cold resistant.
You are immune to freezing clouds.


Message History

Unknown command.
Your shield and scale mail prevent you from hitting the gnoll.
The gnoll is lightly wounded.
The gnoll hits you with a flail!
* * * LOW HITPOINT WARNING * * *
Unknown command.
You are too injured to fight recklessly!
You are too injured to fight recklessly!
You are too injured to fight recklessly!
You are too injured to fight recklessly!
The gnoll sergeant shouts!
You hit the gnoll.
The gnoll is heavily wounded.
You block the gnoll's attack.
Your shield prevents you from hitting the gnoll.
The gnoll is heavily wounded.
The gnoll hits you with a flail!
* * * LOW HITPOINT WARNING * * *
The gnoll hits you with a flail.
You die...

##############.#####§§§§..##
#..................§§§§§..'.
#......#######.######§§§..##
#.......# #.# #.....#
#...###.# #.######.....#
#.......#### #.....##.....#
####..g....###.....##.....#
#..###.†........##.....#
#......g@.)..#####.....#
#.......)....# #######
###..###.....# #......##.##
#.#######.# #####
####......##.####...#####
#.........##.#..........#
#..............###.####.#
#.............##.....##.#


You could see a gnoll sergeant and a gnoll.

Vanquished Creatures
  An orc priest (D:3)
  An iguana (D:3)
  3 gnolls (D:3)
  4 adders
  4 worms (D:2)
  3 orcs
  10 bats
  3 giant cockroaches
  8 hobgoblins
  4 jackals
  2 quokkas (D:3)
  4 giant newts
  8 goblins
  11 kobolds
  10 rats
76 creatures vanquished.

Notes
Turn   | Place    | Note
--------------------------------------------------------------
     0 | D:1      | Moloch the Demonspawn Fighter began the quest for the Orb.
     0 | D:1      | Reached XP level 1. HP: 18/18 MP: 1/1
    78 | D:1      | Reached skill level 2 in Axes
   407 | D:1      | Gained mutation: Your flesh is cold resistant. [demonic ancestry]
   407 | D:1      | Reached XP level 2. HP: 24/24 MP: 2/2
   973 | D:1      | Reached skill level 3 in Axes
  1226 | D:2      | Gained mutation: You have sharp toenails. [demonic ancestry]
  1226 | D:2      | Reached XP level 3. HP: 17/29 MP: 3/3
  2218 | D:2      | Gained mutation: You are immune to freezing clouds. [demonic ancestry]
  2218 | D:2      | Reached XP level 4. HP: 34/35 MP: 4/4
  2311 | D:3      | Reached skill level 4 in Axes
  2625 | D:3      | Found a snail-covered altar of Cheibriados.
  2625 | D:3      | Found a shattered altar of Ashenzari.
  2843 | D:3      | Found an opulent altar of Gozag.
  2905 | D:3      | Noticed a gnoll sergeant
  3457 | D:3      | Reached XP level 5. HP: 16/41 MP: 5/5
  3666 | D:3      | Reached skill level 5 in Axes
  3780 | D:3      | Slain by a gnoll

Skill      XL: |  1  2  3  4  5 |
---------------+----------------+-----
Axes           | 2 3 4 5 |  5.3
Fighting       | |  3.0
Armour         | |  2.6
Shields        | |  2.6

Action                   |  1- 3 |  4- 6 || total
-------------------------+-------+-------++-------
Melee: War axe           |   154 |   132 ||   286
       Kick              |     9 |     1 ||    10
  Use: Potion            |     1 |       ||     1
       Scroll            |       |     8 ||     8
  Eat: Chunk             |     4 |     6 ||    10
Armor: Scale mail        |    89 |    76 ||   165
Dodge: Dodged            |    49 |    46 ||    95
Block: Shield            |    72 |    89 ||   161
